 Dungeon Crawl Stone Soup version 0.18-a0-1202-g796ae12 (webtiles) character file.

622 M4edhros the Sneak (level 7, -1/43 HPs)
             Began as an Octopode Artificer on Jan 31, 2016.
             Slain by Crazy Yiuf
             ... wielding a +4 quarterstaff of chaos
              (13 damage)
             ... on level 5 of the Dungeon.
             The game lasted 00:05:52 (3564 turns).

M4edhros the Sneak (Octopode Artificer)             Turns: 3564, Time: 00:05:52

Health: -1/43      AC:  3    Str:  7    XL:     7   Next: 46%
Magic:  6/10       EV: 14    Int: 16    God:
Gold:   97         SH:  0    Dex: 12    Spells: 0 memorised, 6 levels left

rFire  . . .     SeeInvis .     l - +4 dagger
rCold  . . .     Gourm    +     (no shield)
rNeg   . . .     Faith    .     (helmet restricted)
rPois  .         Spirit   .     a - amulet of the gourmand
rElec  .         Dismiss  .     j - ring of resist corrosion
rCorr  +         Reflect  .     p - ring of loudness (curse)
SustAt .         Harm     .     (no ring)
MR     .....                    (no ring)
Stlth  ++++......               (no ring)
                                (no ring)
                                (no ring)
                                (no ring)

@: very slightly contaminated, drained, invisible, not resistant to hostile
enchantments, stealthy
A: almost no armour, amphibious, 8 rings, constrict 8, yellow scales 1,
camouflage 1, weak 2, gelatinous body 1
a: no special abilities


You were on level 5 of the Dungeon.
You were very hungry.

You visited 1 branch of the dungeon, and saw 5 of its levels.

You collected 97 gold pieces.

Inventory:

Hand Weapons
 l - a +4 dagger (weapon)
Missiles
 h - 53 stones (quivered)
 s - 29 sling bullets
Jewellery
 a - an amulet of the gourmand (around mantle)
 j - a ring of resist corrosion (left tentacle)
 p - a cursed ring of loudness (right tentacle)
Wands
 b - a wand of flame (3/48)
 c - a wand of enslavement (11/24)
 d - a wand of random effects (2/48)
 q - a wand of flame (14/48)
Scrolls
 e - 2 scrolls of amnesia
 n - a scroll of teleportation {unknown}
 o - a scroll of remove curse {unknown}
Potions
 m - a potion of might {unknown}
Books
 r - a book of Flames

   Spells                             Type                      Level
   a - Flame Tongue                   Conjuration/Fire             1
   b - Throw Flame                    Conjuration/Fire             2
   c - Conjure Flame                  Conjuration/Fire             3
   d - Inner Flame                    Hexes/Fire                   3
   e - Sticky Flame                   Conjuration/Fire             4
   f - Fireball                       Conjuration/Fire             5
Comestibles
 f - 4 bread rations
 g - a slice of pizza
 i - 5 fruits
 k - 3 meat rations
 t - 3 chunks of flesh


   Skills:
 - Level 1.0(0.7) Fighting
 - Level 1.0(0.7) Short Blades
 * Level 5.1(4.9) Dodging
 * Level 7.3(7.0) Stealth
 + Level 5.0(4.7) Evocations


You had 6 spell levels left.
You didn't know any spells.

Dungeon Overview and Level Annotations

Branches:
Dungeon (5/15)
 Temple: D:4-7

Altars:
Cheibriados

Annotations:
D:3 PeterLawrence's ghost, amateur GrFi
D:5 Crazy Yiuf


Innate Abilities, Weirdness & Mutations

You cannot wear most types of armour.
You are amphibious.
You can wear up to eight rings at the same time.
You can use your tentacles to constrict eight enemies at once.
Your skin changes colour to match your surroundings (Stealth).
Your rubbery body absorbs attacks (AC +1).
You are partially covered in yellow scales (AC +2).
You are very weak. (Str -4)


Message History

Evoke which item? (* to show all) (? for menu, Esc to quit)
Zapping:
c - a wand of enslavement (12/24)
Press: ? - help, Shift-Dir - straight line, f/p - Crazy Yiuf
Aim: Crazy Yiuf, wielding a quarterstaff of chaos and wearing a cloak (fast, chance to defeat MR: 65%) Crazy Yiuf struggles to resist.
This wand has 11 charges left.
Crazy Yiuf hits you with a quarterstaff of chaos!
You fade into invisibility!
You are very lightly contaminated with residual magic.
Crazy Yiuf hits you with a quarterstaff of chaos.
Crazy Yiuf closely misses you.
Crazy Yiuf hits the fungus with a quarterstaff of chaos!
Crazy Yiuf completely misses you. Crazy Yiuf misses you.
Evoke which item? (* to show all) (? for menu, Esc to quit)
Okay, then.
Crazy Yiuf hits you with a quarterstaff of chaos.
* * * LOW HITPOINT WARNING * * *
You feel drained.
* * * LOW HITPOINT WARNING * * *
Crazy Yiuf hits you with a quarterstaff of chaos!
You die...

♣.♣♣ ## #.....# ♣♣.♣
#.# #.....# ♣.♣♣
#..###.....# ♣♣.♣
#...#.....# ♣♣.♣♣
#.........# ♣♣PP.♣
#....♣♣♣..# ♣P♣P.♣
#..[♣# #♣.# #..g.#
#...♣ ♣.##
#.@..###...♣# #♣...
#...........♣♣♣....
#...#............#.
.....###............##
....# #...........##
..... ##.........##
..... #.......###
..... ##....### #..###


You could see Crazy Yiuf.

Vanquished Creatures
  An ogre (D:4)
  A scorpion (D:5)
  2 crimson imps (D:5)
  A hound (D:4)
  2 orc priests (D:4)
  A jelly (D:5)
  2 orc wizards (D:4)
  An iguana (D:4)
  2 worker ants
  3 gnolls (D:4)
  4 adders
  2 worms
  2 giant geckos
  5 orcs (D:4)
  3 bats
  4 giant cockroaches
  3 goblins
  3 hobgoblins
  3 quokkas
  A giant newt (D:2)
  A jackal skeleton (D:4)
  A quokka skeleton (D:4)
  3 rats
  A fungus (D:5)
52 creatures vanquished.

Vanquished Creatures (collateral kills)
  A phantom (D:5)
  A gnoll (D:4)
  A goblin (D:3)
3 creatures vanquished.

Vanquished Creatures (others)
  An adder (D:3)
1 creature vanquished.

Grand Total: 56 creatures vanquished

Notes
Turn   | Place    | Note
--------------------------------------------------------------
     0 | D:1      | M4edhros the Octopode Artificer began the quest for the Orb.
     0 | D:1      | Reached XP level 1. HP: 13/13 MP: 3/3
   254 | D:2      | Reached XP level 2. HP: 18/18 MP: 4/4
   307 | D:2      | Reached XP level 3. HP: 10/23 MP: 5/5
   732 | D:3      | Noticed PeterLawrence's ghost (amateur GrFi)
  1398 | D:4      | Reached skill level 4 in Stealth
  1398 | D:4      | Reached XP level 4. HP: 21/28 MP: 6/6
  1551 | D:4      | Reached XP level 5. HP: 33/33 MP: 7/7
  1616 | D:4      | Reached skill level 5 in Stealth
  1950 | D:4      | Noticed an ogre
  1952 | D:4      | HP: 1/33 [something (23)]
  2264 | D:4      | Killed an ogre
  2264 | D:4      | Reached XP level 6. HP: 38/38 MP: 7/9
  2582 | D:4      | Gained mutation: You are weak. (Str -2) [potion of mutation]
  2582 | D:4      | Gained mutation: You are very weak. (Str -4) [potion of mutation]
  2582 | D:4      | Gained mutation: You are partially covered in yellow scales (AC +2). [potion of mutation]
  2587 | D:4      | Reached skill level 6 in Stealth
  2923 | D:4      | HP: 1/38 [poisoned by a worker ant]
  3265 | D:5      | Entered Level 5 of the Dungeon
  3274 | D:5      | Noticed a phantom
  3277 | D:5      | Reached XP level 7. HP: 27/43 MP: 10/10
  3287 | D:5      | Noticed a wyvern
  3296 | D:5      | Reached skill level 7 in Stealth
  3403 | D:5      | Reached skill level 5 in Dodging
  3433 | D:5      | Reached skill level 5 in Evocations
  3443 | D:5      | Found a snail-covered altar of Cheibriados.
  3546 | D:5      | Noticed Crazy Yiuf
  3564 | D:5      | Slain by Crazy Yiuf

Vault maps used:
D:1:      moated_graveyard_arrival
D:3:      trog_eyes_of_draining, gammafunk_temple_overflow_statue
D:4:      first_bread, guppyfry_early_lair_pool
D:5:      grunt_temple_overflow_order_and_chaos_2, lemuel_doored_altar,
          gup_sewer_entry_spiral, serial_bayou_pond_d, minmay_stone_trees_small,
          minmay_misc_feat_more_columns, minmay_misc_feat_ornament,
          uniq_crazy_yiuf_cottage

Action                   |  1- 3 |  4- 6 |  7- 9 || total
-------------------------+-------+-------+-------++-------
Melee: Short sword       |    26 |       |       ||    26
       Dagger            |    12 |    55 |    28 ||    95
Evoke: Wand              |     1 |    15 |    13 ||    29
  Use: Scroll            |     2 |     1 |       ||     3
       Potion            |     1 |     4 |       ||     5
 Stab: Sleeping          |     9 |     5 |       ||    14
       Confused          |       |     1 |       ||     1
  Eat: Chunk             |       |     5 |       ||     5
       Royal jelly       |       |     1 |       ||     1
